 Dungeon Crawl Stone Soup version 0.19.0-19-g8c6edcc (webtiles) character file.

356 tairseth the Ducker (level 6, 27/47 HPs)
             Began as a Demonspawn Gladiator on Nov 13, 2016.
             Was a Follower of Dithmenos.
             Quit the game on level 3 of the Dungeon.
             The game lasted 00:06:12 (2484 turns).

tairseth the Ducker (Demonspawn Gladiator)          Turns: 2484, Time: 00:06:13

Health: 27/47      AC:  6    Str: 15    XL:     6   Next: 36%
Magic:  5/6        EV: 14    Int: 10    God:    Dithmenos [*.....]
Gold:   221        SH:  0    Dex: 15    Spells: 0 memorised, 5 levels left

rFire  x . .     SeeInvis .     a - +0 long sword
rCold  + . .     Gourm    .     b - +0 leather armour
rNeg   . . .     Faith    .     (no shield)
rPois  .         Spirit   +     c - +0 helmet
rElec  .         Reflect  .     j - +0 cloak
rCorr  .         Harm     .     g - +0 pair of gloves
MR     .....                    (no boots)
Stlth  +.........               (no amulet)
                                (no ring)
                                n - ring of ice

@: wreathed by umbra
A: talons 2, demonic guardian 1, magic shield
a: Renounce Religion


You were on level 3 of the Dungeon.
You worshipped Dithmenos.
Dithmenos was aware of your devotion.
You were hungry.

You visited 1 branch of the dungeon, and saw 3 of its levels.

You collected 221 gold pieces.

Inventory:

Hand Weapons
 a - a +0 long sword (weapon)
Missiles
 d - 3 throwing nets (quivered)
Armour
 b - a +0 leather armour (worn)
 c - a +0 helmet (worn)
 g - a +0 pair of gloves (worn)
 j - a +0 cloak (worn)
 r - a +2 robe of magic resistance
Jewellery
 n - a ring of ice (left hand)
 s - an uncursed ring of poison resistance {unknown}
 t - an uncursed ring of resist corrosion {unknown}
Wands
 o - a wand of flame (11/48)
Scrolls
 h - 4 scrolls of identify
 i - 2 scrolls of amnesia
 l - a scroll of remove curse
Potions
 e - a potion of curing
 p - a potion of flight {unknown}
Comestibles
 f - 3 bread rations
 k - a chunk of flesh
 m - a slice of pizza
 q - a royal jelly


   Skills:
 + Level 3.4 Fighting
 + Level 3.6 Long Blades
 - Level 1.7 Throwing
 + Level 2.4 Armour
 * Level 4.7 Dodging
 + Level 0.0 Stealth


You had 5 spell levels left.
You didn't know any spells.

Dungeon Overview and Level Annotations

Branches:
Dungeon (3/15)

Altars:
Dithmenos
Fedhas
Ru


Innate Abilities, Weirdness & Mutations

You have razor-sharp toenails.
A weak demonic guardian rushes to your aid.
When hurt, damage is shared between your health and your magic reserves.


Message History

Natasha misses you.
You barely miss Natasha.
Natasha is heavily wounded.
The shadow imp hits you. Natasha claws you.
You hit Natasha but do no damage. Your kick misses Natasha.
Natasha is heavily wounded.
The shadow imp hits you. Natasha claws you but does no damage.
You hit Natasha.
Natasha is almost dead.
The shadow imp closely misses you. Natasha claws you!
You closely miss Natasha. Your kick misses Natasha.
Natasha is almost dead.
The shadow imp hits you. Natasha misses you.
You riposte.
You hit Natasha.
You kill Natasha!
Dithmenos accepts your kill.
Natasha yowls pathetically as she dies!
The shadow imp disappears in a puff of smoke!
Are you sure you want to abandon this character and quit the game? (Confirm with "yes".)
Okay, then.
Are you sure you want to abandon this character and quit the game? (Confirm with "yes".)

#.#....).....# *.# #.#.#..,,
#.#.####.....####.# #.#<#.#**
#.#,* #..........###.#...###
#.#######+#..........†##....#
#...........)...#.....))....#
#########..)(...#.#####.....#
####........#.##.# #.....+
#....##...§......# #.....#
#.#..##.###@#...#### #..####
#........##.###....# #.....#
#....8...##.# #....# ##.....
#...8.8..##.# #....####.....
#..8._.8.##.# #....'....#...
#...8.8..##.###....######.##
##...8...)..................
#........###############.#.
####.....# #########.....#.


There were no monsters in sight!

Vanquished Creatures
  An orc wizard (D:3)
  Jessica (D:2)
  Natasha (twice) (D:3)
  An adder (D:3)
  3 gnolls (D:3)
  2 oozes (D:1)
  A worm (D:2)
  4 dart slugs
  4 leopard geckos
  8 orcs (D:3)
  3 giant cockroaches
  5 hobgoblins
  6 jackals
  6 kobolds
  3 ball pythons
  9 bats
  4 frilled lizards
  7 goblins
  11 rats
81 creatures vanquished.

Vanquished Creatures (collateral kills)
  Sigmund (D:3)
  A gnoll (D:3)
2 creatures vanquished.

Grand Total: 83 creatures vanquished

Notes
Turn   | Place    | Note
-------+----------+-------------------------------------------
     0 | D:1      | tairseth the Demonspawn Gladiator began the quest for the Orb.
     0 | D:1      | Reached XP level 1. HP: 16/16 MP: 1/1
   106 | D:1      | Gained mutation: You have sharp toenails. [demonic ancestry]
   106 | D:1      | Reached XP level 2. HP: 3/22 MP: 2/2
   114 | D:1      | Reached skill level 3 in Dodging
   695 | D:1      | Gained mutation: A weak demonic guardian rushes to your aid. [demonic ancestry]
   695 | D:1      | Reached XP level 3. HP: 28/28 MP: 3/3
   798 | D:1      | Reached skill level 1 in Armour
  1105 | D:2      | Noticed Jessica
  1110 | D:2      | Found a sacrificial altar of Ru.
  1115 | D:2      | Killed Jessica
  1115 | D:2      | Reached XP level 4. HP: 19/34 MP: 4/4
  1258 | D:2      | Found a blossoming altar of Fedhas.
  1658 | D:3      | Reached skill level 4 in Dodging
  1663 | D:3      | Gained mutation: You have razor-sharp toenails. [demonic ancestry]
  1663 | D:3      | Reached XP level 5. HP: 16/40 MP: 5/5
  2150 | D:3      | Noticed Sigmund
  2162 | D:3      | Killed Sigmund
  2162 | D:3      | Gained mutation: When hurt, damage is shared between your health and your magic reserves. [demonic ancestry]
  2162 | D:3      | Reached XP level 6. HP: 34/47 MP: 6/6
  2397 | D:3      | Found a faded altar of an unknown god.
  2413 | D:3      | Became a worshipper of Dithmenos the Shadowed
  2413 | D:3      | Reached * piety under Dithmenos
  2441 | D:3      | Noticed Natasha
  2445 | D:3      | Killed Natasha
  2473 | D:3      | Noticed Natasha
  2483 | D:3      | Killed Natasha
  2484 | D:3      | Quit the game

Skill      XL: |  1  2  3  4  5 |
---------------+----------------+-----
Dodging        | 3 4 |  4.7
Armour         | 1 2 |  2.4
Long Blades    | 3 |  3.6
Fighting       | 3 |  3.4
Throwing       | |  1.7

Action                   |  1- 3 |  4- 6 || total
-------------------------+-------+-------++-------
Melee: Long sword        |    94 |   124 ||   218
       Kick              |    26 |    33 ||    59
  Use: Scroll            |     2 |     4 ||     6
       Potion            |     2 |       ||     2
 Stab: Sleeping          |       |     1 ||     1
  Eat: Chunk             |     1 |     4 ||     5
Armor: Leather armour    |    41 |    31 ||    72
Dodge: Dodged            |    85 |   107 ||   192
       Rpst.: Long sword |    26 |    32 ||    58
